 Dungeon Crawl Stone Soup version 0.20.0-8-g6b59dc7 (webtiles) character file.

129 JarielCorvus the Magician (level 4, 0/24 HPs)
             Began as a Deep Elf Wizard on June 1, 2017.
             Was an Initiate of Vehumet.
             Slain by Deathclocker's ghost (11 damage)
             ... on level 4 of the Dungeon.
             The game lasted 00:06:53 (3045 turns).

JarielCorvus the Magician (Deep Elf Wizard)         Turns: 3045, Time: 00:06:54

Health: 0/24       AC:  3    Str:  4    XL:     4   Next: 88%
Magic:  3/14       EV: 13    Int: 24    God:    Vehumet [......]
Gold:   174        SH:  0    Dex: 13    Spells: 5/16 levels left

rFire    . . .     SeeInvis .   f - +2 dagger
rCold    . . .     Gourm    .   (no shield)
rNeg     + . .     Faith    .   a - +1 robe
rPois    .         Spirit   .   b - +0 hat
rElec    .         Reflect  .   (no cloak)
rCorr    .         Harm     .   (no gloves)
MR       .....                  (no boots)
Stlth    ++........             (no amulet)
Regen    0.1/turn               g - ring of positive energy
MPRegen  0.2/turn               (no ring)

@: no status effects
A: no striking features
a: Renounce Religion


You were on level 4 of the Dungeon.
You worshipped Vehumet.
Vehumet was noncommittal.
You were hungry.

You visited 1 branch of the dungeon, and saw 4 of its levels.

You collected 174 gold pieces.

Inventory:

Hand Weapons
 f - a +2 dagger (weapon)
Armour
 a - a +1 robe (worn)
 b - a +0 hat (worn)
Jewellery
 g - a ring of positive energy (left hand)
Wands
 m - a wand of lightning (7/15)
Scrolls
 h - a scroll of remove curse
 j - 2 scrolls of amnesia
 k - 2 scrolls of magic mapping
 n - a scroll of identify
 p - a scroll of blinking {unknown}
Potions
 e - a potion of agility
 l - a potion of curing
 r - a potion of magic
Books
 c - a book of Minor Magic

   Spells                             Type                      Level
   a - Magic Dart                     Conjuration                  1
   b - Blink                          Translocation                2
   c - Call Imp                       Summoning                    2
   d - Slow                           Hexes                        2
   e - Conjure Flame                  Conjuration/Fire             3
   f - Mephitic Cloud                 Conjuration/Poison/Air       3
Comestibles
 d - 2 bread rations
 i - 2 royal jellies
 o - 2 meat rations


   Skills:
 - Level 2.4 Dodging
 - Level 2.4 Stealth
 * Level 6.6 Spellcasting
 + Level 3.2 Conjurations
 - Level 1.1 Summonings
 - Level 1.1 Translocations


You had 5 spell levels left.
You knew the following spells:

 Your Spells              Type           Power        Failure   Level  Hunger
a - Magic Dart            Conj           ###.         1%          1    None
b - Blink                 Tloc           N/A          7%          2    None
c - Call Imp              Summ           ##......     7%          2    None
d - Conjure Flame         Conj/Fire      ###.....     12%         3    None
e - Mephitic Cloud        Conj/Pois/Air  ##......     14%         3    None


Dungeon Overview and Level Annotations

Branches:
Dungeon (4/15)
 Temple: D:4-7

Altars:
Ru
Trog
Vehumet
The Shining One

Annotations:
D:4 Deathclocker's ghost, amateur CeHu


Message History

Your crimson imp misses the jackal.
Casting: Call Imp
Confirm with . or Enter, or press ? or * to list all spells.
You don't have enough magic to cast that spell.
The jackal barely misses your crimson imp.
Your crimson imp closely misses the jackal.
Your crimson imp hits the jackal.
The jackal bites your crimson imp.
The jackal completely misses your crimson imp.
Your crimson imp hits the jackal.
The jackal bites your crimson imp.
Deathclocker's ghost lets out a mournful wail.
The jackal closely misses you. Something misses your crimson imp.
The jackal bites you but does no damage.
The jackal closely misses your crimson imp.
Deathclocker's ghost hits you.
You see here a mace.
Your crimson imp blinks!
Deathclocker's ghost hits you!
You die...

.. ..## .####..####
...##....)# ######
....#.#.#.# #....#
....#.....##########+##.#
_.5.....###)##........#.#
....#..h5....5.........>#
....#.......##h.......###
...##.########.W@.....#
.####.......##........#
.....(.#.##.########'###
###.#..#.##.##.........#
#.#..#.##............#
#.#####.........# #.#
########### #.##########
#..........#


You could see Deathclocker's ghost, a jackal and a friendly crimson imp.

Vanquished Creatures
  A gnoll (D:3)
  3 adders (D:3)
  2 worms (D:3)
  A dart slug (D:3)
  A leopard gecko (D:2)
  A bat (D:2)
  4 giant cockroaches
  7 goblins
  6 hobgoblins
  8 jackals (D:4)
  7 kobolds
  A quokka (D:3)
  2 ball pythons
  6 frilled lizards
  13 rats
63 creatures vanquished.

Vanquished Creatures (collateral kills)
  3 gnolls (D:3)
  A jackal (D:4)
4 creatures vanquished.

Grand Total: 67 creatures vanquished

Notes
Turn   | Place    | Note
-------+----------+-------------------------------------------
     0 | D:1      | JarielCorvus the Deep Elf Wizard began the quest for the Orb.
     0 | D:1      | Reached XP level 1. HP: 10/10 MP: 7/7
   262 | D:1      | Reached XP level 2. HP: 15/15 MP: 6/9
   266 | D:1      | Learned a level 2 spell: Blink
   269 | D:1      | Learned a level 2 spell: Call Imp
   300 | D:1      | Reached skill level 5 in Spellcasting
  1017 | D:2      | Found a sacrificial altar of Ru.
  1038 | D:2      | Found a bloodstained altar of Trog.
  1038 | D:2      | Noticed a moth of wrath
  1232 | D:2      | Reached XP level 3. HP: 18/19 MP: 2/11
  1581 | D:2      | Learned a level 3 spell: Conjure Flame
  1585 | D:2      | Learned a level 3 spell: Mephitic Cloud
  1991 | D:3      | Reached XP level 4. HP: 24/24 MP: 11/13
  2087 | D:3      | Reached skill level 6 in Spellcasting
  2557 | D:3      | Found a glowing golden altar of the Shining One.
  3010 | D:4      | Found a radiant altar of Vehumet.
  3023 | D:4      | Became a worshipper of Vehumet
  3026 | D:4      | Noticed Deathclocker's ghost (amateur CeHu)
  3045 | D:4      | Slain by Deathclocker's ghost

Skill      XL: |  1  2  3  4 |
---------------+-------------+-----
Spellcasting   | 5 6 |  6.6
Conjurations   | 2 3 |  3.2
Dodging        | |  2.4
Stealth        | |  2.4
Summonings     | |  1.1
Translocations | |  1.1

Action                   |  1- 3 |  4- 6 || total
-------------------------+-------+-------++-------
Melee: Dagger            |     3 |       ||     3
 Cast: Magic Dart        |    90 |    71 ||   161
       Call Imp          |     2 |     5 ||     7
  Use: Scroll            |    10 |     4 ||    14
       Potion            |     3 |       ||     3
  Eat: Bread ration      |     1 |       ||     1
       Chunk             |     1 |       ||     1
Armor: Robe              |     5 |     2 ||     7
Dodge: Dodged            |    12 |     9 ||    21
